 Dungeon Crawl Stone Soup version 0.28-a0-802-g09f76e8c00 (webtiles) character file.

Game seed: 20706476961018697

3221 gimp the Basher (level 9, -6/48 HPs)
             Began as a Gargoyle Artificer on Nov 6, 2021.
             Was a Priest of Okawaru.
             Mangled by an orc warrior (16 damage)
             ... on level 7 of the Dungeon.
             The game lasted 00:19:42 (10653 turns).

gimp the Basher (Gargoyle Artificer)               Turns: 10653, Time: 00:19:42

Health: -6/48      AC: 20    Str: 20    XL:     9   Next: 97%
Magic:  12/14      EV: 12    Int: 11    God:    Okawaru [***...]
Gold:   263        SH:  5    Dex: 10    Spells: 8/8 levels left

rFire   . . .      SeeInvis .   b - +1 whip (venom)
rCold   + . .      Faith    .   (no shield)
rNeg    + . .      Spirit   .   B - +1 ring mail {rC+}
rPois   ∞          Reflect  +   o - +1 helmet
rElec   +          Harm     .   G - +0 cloak
rCorr   .          Rampage  .   (no gloves)
Will    .....                   z - +0 pair of boots
Stlth   ++........              d - amulet of reflection
HPRegen 0.16/turn               r - ring of flight
MPRegen 0.14/turn               (no ring)

@: heroic, flying
A: sickness immunity, AC +6, negative energy resistance 1, electricity
resistance, torment resistance 1, petrification resistance, frail 1
a: Renounce Religion, Heroism


You were on level 7 of the Dungeon.
You worshipped Okawaru.
Okawaru was most pleased with you.
You visited 1 branch of the dungeon, and saw 9 of its levels.

You collected 479 gold pieces.
You spent 216 gold pieces at shops.

Inventory:

Hand Weapons
 a - a +1 demon whip
 b - a +1 whip of venom (weapon)
Missiles
 q - a throwing net
 t - 22 poisoned darts
 u - a curare-tipped dart
 y - 3 silver boomerangs
Armour
 o - a +1 helmet (worn)
 p - a +0 plate armour
 z - a +0 pair of boots (worn)
 B - a +1 ring mail of cold resistance (worn)
 G - a +0 cloak (worn)
Jewellery
 d - an amulet of reflection (around neck)
 r - a ring of flight (left hand)
Wands
 c - a wand of flame (54) (quivered)
Scrolls
 k - a scroll of silence
 l - a scroll of brand weapon
 n - 2 scrolls of fear
 w - a scroll of fog
 x - a scroll of teleportation
 D - a scroll of enchant armour
 F - a scroll of magic mapping
Potions
 f - a potion of might
 g - a potion of experience {unknown}
 h - 2 potions of degeneration {unknown}
 i - a potion of berserk rage
 j - a potion of resistance
 m - a potion of mutation
 s - a potion of heal wounds
 v - a potion of ambrosia {unknown}
 A - 3 potions of curing
 C - 2 potions of flight
 E - a potion of lignification {unknown}
Miscellaneous
 e - a piece from Xom's chessboard (14/15)


   Skills:
 - Level 5.0(10.0) Fighting
 * Level 10.4(15.4) Maces & Flails
 - Level 5.0(10.0) Armour
 - Level 0.7(5.7) Dodging
 - Level 1.1(6.1) Stealth
 + Level 6.7 Invocations
 - Level 2.6 Evocations


You had 8 spell levels left.
You didn't know any spells.
Your spell library contained the following spells:

 Spells                   Type           Power      Damage    Failure   Level
 Magic Dart               Conj           0%         1d3       47%         1
 Slow                     Hex            0%         N/A       47%         1
 Wereblood                Tmut           0%         N/A       63%         2
 Mephitic Cloud           Conj/Pois/Air  0%         N/A       85%         3
 Call Imp                 Summ           Unusable   N/A       N/A         2
 Sublimation of Blood     Necr           Unusable   N/A       N/A         2
 Summon Hydra             Summ           Unusable   N/A       N/A         7

Dungeon Overview and Level Annotations

Branches:
Dungeon (9/15)             Temple (0/1) D:6
   Lair: D:8-11         Orc: D:9-12

Altars:
Cheibriados
Okawaru
Qazlal
Sif Muna
Vehumet

Shops:
D:2 ??!(   D:4 !   D:5 :   D:8 :

Annotations:
D:4 1 runed translucent door, IdlyInterested's ghost, amateur DsGl


Innate Abilities, Weirdness & Mutations

You are immune to sickness and miasma.
Your stone body is resilient. (AC +6)
You are immune to poison.
You resist negative energy. (rN+)
You are resistant to electric shocks. (rElec)
You are resistant to unholy torment.
You are immune to petrification.
You are frail. (-10% HP)


Message History

The orc warrior barely misses you.
The orc warrior hits you but does no damage.
You see here a +0 ring mail.
The orc warrior misses you.
Things that are here:
a +0 scale mail; 2 boomerangs; a +0 short sword
There is a stone staircase leading up here.
The orc warrior hits you with a +1 scimitar of flaming!
The orc warrior burns you.
* * * LOW HITPOINT WARNING * * *
You fly upwards.
There is a stone staircase leading down here.
You take 18 damage, and have 14/48 hp.
MASSIVE DAMAGE!!
You hit the orc warrior.
The orc warrior is poisoned.
The orc warrior is lightly wounded.
The orc warrior hits you with a +1 scimitar of flaming.
* * * LOW HITPOINT WARNING * * *
The orc warrior burns you.
* * * LOW HITPOINT WARNING * * *
You see here a +0 club.
You take 7 damage, and have 7/48 hp.
Unknown command.
Unknown command.
Okay, then.
The orc warrior looks more healthy.
You see here a +0 giant club.
Things that are here:
25 arrows; a +0 shortbow You gain the combat prowess of a mighty hero.
The orc warrior hits you with a +1 scimitar of flaming.
* * * LOW HITPOINT WARNING * * *
The orc warrior burns you.
* * * LOW HITPOINT WARNING * * *
You take 4 damage, and have 10/48 hp.
You now have 12/14 mp.
You barely miss the orc warrior.
The orc warrior is moderately wounded.
You hit the orc warrior.
The orc warrior is poisoned.
The orc warrior is heavily wounded.
The orc warrior hits you with a +1 scimitar of flaming!
You die...

#####.### ##.....## ##.#
#.# ##...## ##.# #.#
##+## #..# #.# #.# #.##
#.# #.# #.# #.# ##.## #.#
#.# ###...### #.#
#)########.......# #.#
#.(........#@..#.# #.#
#########.###o##.######.#
##.#.#..........#
#.......########
#########


You could see an orc warrior (very poisoned).

Vanquished Creatures
  Eustachio (D:4)
  A steam dragon (D:6)
  Edmund (D:5)
  Duvessa (D:4)
  An orc warrior (D:9)
  2 black bears (D:6)
  A necrophage (D:4)
  5 ogres
  3 phantoms
  2 centaurs
  A kobold brigand (D:5)
  3 bullfrogs
  A scorpion (D:4)
  A wyvern zombie (D:8)
  A water moccasin skeleton (D:5)
  Dowan (D:4)
  3 wights (D:7)
  A howler monkey (D:7)
  A centaur zombie (D:7)
  7 orc priests
  3 bullfrog skeletons
  2 hounds
  2 iguanas
  8 orc wizards
  A statue (D:7)
  A killer bee zombie (D:6)
  A hound skeleton (D:5)
  8 gnolls
  6 adders
  A shadow imp (D:5)
  An ufetubus (D:5)
  4 worms
  3 dart slugs
  22 orcs
  5 endoplasms
  4 giant cockroaches
  6 goblins
  5 hobgoblins
  2 jackals (D:3)
  6 quokkas
  7 ball pythons
  8 bats
  3 frilled lizards
  11 kobolds
  5 rats
163 creatures vanquished.

Notes
Turn   | Place    | Note
-------+----------+-------------------------------------------
     0 | D:1      | gimp the Gargoyle Artificer began the quest for the Orb.
     0 | D:1      | Reached XP level 1. HP: 12/12 MP: 1/1
   535 | D:1      | Reached XP level 2. HP: 16/17 MP: 2/2
  1613 | D:1      | Reached XP level 3. HP: 22/22 MP: 3/3
  1789 | D:2      | Found Nalyamm's Distillery.
  2024 | D:2      | Found Cich's Magic Scroll Shop.
  2028 | D:2      | Found Liji's Magic Scroll Shop.
  2081 | D:2      | Found Venib's Weapon Emporium.
  2164 | D:2      | Bought a scroll of teleportation for 33 gold pieces
  2314 | D:2      | Reached skill level 1 in Maces & Flails
  2314 | D:2      | Reached XP level 4. HP: 26/28 MP: 4/4
  2953 | D:2      | Reached skill level 2 in Maces & Flails
  3141 | D:3      | Reached XP level 5. HP: 28/32 MP: 5/5
  3220 | D:2      | Bought a scroll of identify for 24 gold pieces
  3287 | D:3      | Found a faded altar of an unknown god.
  3300 | D:3      | Got Plato's Handbook of Enchantment
  3956 | D:4      | Found a shimmering blue altar of Sif Muna.
  3968 | D:4      | Reached skill level 3 in Maces & Flails
  4002 | D:4      | Noticed Duvessa
  4123 | D:4      | Noticed a necrophage
  4128 | D:4      | Killed a necrophage
  4129 | D:4      | Reached XP level 6. HP: 33/37 MP: 6/6
  4203 | D:2      | Bought a potion of curing for 33 gold pieces
  4338 | D:4      | Reached skill level 4 in Maces & Flails
  4463 | D:4      | Found Veykh's Distillery.
  4484 | D:4      | Bought a potion of might for 56 gold pieces
  4484 | D:4      | Bought a potion of berserk rage for 70 gold pieces
  4526 | D:4      | Found an iron altar of Okawaru.
  4536 | D:4      | Became a worshipper of Warmaster Okawaru
  4556 | D:4      | Noticed Dowan
  4571 | D:4      | Killed Dowan
  4590 | D:4      | Noticed IdlyInterested's ghost (amateur DsGl)
  4593 | D:4      | Found a runed translucent door.
  4819 | D:4      | Killed Duvessa
  4820 | D:4      | Reached skill level 5 in Maces & Flails
  4820 | D:4      | Reached skill level 5 in Armour
  4820 | D:4      | Reached XP level 7. HP: 18/41 MP: 7/7
  5251 | D:4      | Noticed Eustachio
  5274 | D:4      | Killed Eustachio
  5274 | D:4      | Reached * piety under Okawaru
  5275 | D:4      | Reached skill level 1 in Invocations
  5448 | D:5      | Entered Level 5 of the Dungeon
  5450 | D:5      | Found Unonouj's Book Emporium.
  5476 | D:4      | Reached skill level 6 in Maces & Flails
  5600 | D:5      | Reached XP level 8. HP: 44/48 MP: 9/9
  5986 | D:5      | Gained mutation: You are frail. (-10% HP) [potion of
                  | mutation]
  6507 | D:5      | Noticed Edmund
  6526 | D:5      | Killed Edmund
  6527 | D:5      | Reached skill level 7 in Maces & Flails
  6985 | D:6      | Reached ** piety under Okawaru
  6986 | D:6      | Reached skill level 5 in Fighting
  7012 | D:6      | Found a staircase to the Ecumenical Temple.
  7099 | D:6      | Reached skill level 8 in Maces & Flails
  7198 | D:6      | Reached XP level 9. HP: 44/48 MP: 12/12
  7700 | D:6      | Found a stormy altar of Qazlal.
  7755 | D:6      | Reached skill level 5 in Invocations
  8469 | D:6      | Reached skill level 9 in Maces & Flails
  8664 | D:6      | Noticed an eight-headed hydra
  9165 | D:7      | Found a radiant altar of Vehumet.
  9513 | D:7      | Found a snail-covered altar of Cheibriados.
  9639 | D:7      | Reached *** piety under Okawaru
 10042 | D:8      | Reached skill level 10 in Maces & Flails
 10135 | D:8      | Found Berghoi's Book Boutique.
 10163 | D:8      | Noticed a two-headed ogre
 10653 | D:7      | Mangled by an orc warrior

Illustrated notes

Levels and vault maps discovered:
D:1:      nagdon_arrival_double_spiral, layout_loops_corners,
          minmay_misc_feat_nine_boxes
D:2:      layout_basic, serial_shops, shop_fountains, shop_fountains, shop,
          shop_scrolls
D:3:      minmay_chambers_of_twos, layout_basic,
          shapermc_ecumenical_altar_rom_forum
D:4:      cheibrodos_quashed, layout_gridville, okawaru_ov_weapons_minmay,
          amcnicky_altar_gilded, serial_shops, shop_coins,
          hellmonk_ghost_happy_afterlife, uniq_duvessa, uniq_eustachio
D:5:      layout_cave_pods, serial_shops, nicolae_stop_n_shop_1, uniq_edmund
D:6:      layout_gridville, nzn_wu_jian_contemplation,
          mainiacjoe_overflow_alcove_2, temple_fountains
D:7:      layout_loops_corners, cheibriados_altar_1, vehumet_statue,
          minmay_holes
D:8:      layout_rooms, serial_shops, shop, ebering_ghost_inner_flame,
          serial_bayou_pond_e
D:9:      layout_basic, tso_altar

Skill      XL: |  1  2  3  4  5  6  7  8  9 |
---------------+----------------------------+-----
Fighting       | 2 3 4 5 |  5.0
Maces & Flails | 1 2 3 5 6 8 10 | 10.4
Armour         | 3 4 5 |  5.0
Invocations    | 2 4 6 |  6.7
Dodging        | |  0.7
Stealth        | |  1.1
Evocations     | |  2.6

Action                   |  1- 3 |  4- 6 |  7- 9 || total
-------------------------+-------+-------+-------++-------
Melee: Dagger            |    94 |       |       ||    94
       Club              |    19 |       |       ||    19
       Demon whip        |    46 |   175 |   354 ||   575
       Punch             |       |       |     1 ||     1
       Whip              |       |       |   150 ||   150
Invok: Heroism           |       |       |     3 ||     3
Evoke: Piece from Xom's  |       |       |     5 ||     5
       Wand              |       |       |     6 ||     6
  Use: Scroll            |       |    12 |     4 ||    16
       Potion            |       |     2 |     1 ||     3
 Stab: Confused          |       |       |     1 ||     1
       Petrified         |       |       |    10 ||    10
Armor: Leather armour    |    59 |       |       ||    59
       Ring mail         |    15 |   109 |   216 ||   340
Dodge: Dodged            |   106 |    89 |   148 ||   343
Block: Other             |       |       |    57 ||    57

Table legend: (Time is in decaauts)
 A = Elapsed time spent in this place.
 B = Non-inter-level travel time spent in this place.
 C = Inter-level travel time spent in this place.
 D = Time resting spent in this place.
 E = Time spent auto-exploring this place.
 F = Levels seen in this place.
 G = Mean time per level.
                   A        B        C        D        E       F      G
               +--------+--------+--------+--------+--------+-----+--------+
         Total |  10513 |  10025 |    488 |   1047 |   6898 |   9 | 1168.1 |
       Dungeon |  10513 |  10025 |    488 |   1047 |   6898 |   9 | 1168.1 |
               +--------+--------+--------+--------+--------+-----+--------+

Top non-repeatable levels by time:
     D:1: 1788 daAuts
     D:4: 1525 daAuts
     D:5: 1452 daAuts
     D:2: 1426 daAuts
     D:6: 1376 daAuts
     D:7: 1267 daAuts
     D:3: 1109 daAuts
     D:8: 303 daAuts
     D:9: 265 daAuts
